Map: Golden Wall LE

Players

ATTICUSPRIME - Winner!

  • Race: Protoss Protoss
  • League: Platinum
  • Spawn Location: 5:00

Keet

  • Race: Zerg Zerg
  • League: Gold
  • Spawn Location: 7:00

VOD

Have the link to the VOD?

Description

Protoss Fastest 143 Supply - 8:30

Time

  • Played on: Aug. 13, 2020, 3:56 p.m.
  • Length: 10:50
Show
View Real Time Build Order
Export as new Build Order

ATTICUSPRIME Protoss - Winner!

Build Orders: Chargelot Immortal 

Get SALT Encoding   

  12  0:00  Probe  
  13  0:12  Probe  
  14  0:22  Pylon  
  14  0:24  Probe  
  15  0:40  Probe (Chrono Boost)  
  16  0:52  Probe (Chrono Boost)  
  17  0:57  Probe (Chrono Boost)  
  18  1:07  Probe  
  19  1:16  Nexus  
  19  1:19  Probe  
  19  1:24  Gateway  
  20  1:31  Probe  
  21  1:39  Gateway  
  21  1:52  Gateway  
  21  1:54  Probe  
  22  2:13  Nexus  
  23  2:29  Pylon  
  22  2:32  Pylon  
  22  2:34  Assimilator  
  23  2:37  Probe  
  23  2:39  Assimilator  
  23  2:49  Probe  
  23  2:50  Forge  
  24  2:53  Pylon  
  24  2:55  Probe  
  25  3:01  Probe  
  26  3:07  Probe  
  27  3:16  Cybernetics Core  
  27  3:25  Photon Cannon  
  27  3:27  Probe  
  27  3:28  Probe  
  27  3:31  Probe  
  30  3:40  Probe (Chrono Boost)  
  32  3:42  Probe (Chrono Boost)  
  32  3:45  Probe (Chrono Boost)  
  33  3:52  Probe (Chrono Boost), Warp Gate (Chrono Boost)  
  36  3:56  Probe (Chrono Boost)  
  36  3:58  Probe (Chrono Boost), Pylon  
  36  3:59  Probe (Chrono Boost)  
  36  4:01  Probe (Chrono Boost)  
  38  4:04  Probe (Chrono Boost)  
  38  4:06  Probe  
  40  4:10  Probe  
  40  4:16  Probe  
  42  4:18  Probe  
  42  4:21  Robotics Facility  
  42  4:22  Probe  
  45  4:32  Assimilator  
  45  4:34  Probe (Chrono Boost)  
  45  4:35  Probe (Chrono Boost)  
  45  4:36  Probe (Chrono Boost)  
  47  4:40  Pylon  
  47  4:43  Probe (Chrono Boost)  
  50  4:46  Probe x2 (Chrono Boost)  
  50  4:48  Probe (Chrono Boost)  
  50  4:49  Robotics Facility  
  50  4:52  Gateway  
  51  4:58  Twilight Council  
  51  5:00  Probe  
  51  5:01  Gateway  
  51  5:02  Gateway  
  51  5:05  Gateway  
  52  5:07  Gateway  
  52  5:09  Immortal (Chrono Boost)  
  56  5:17  Assimilator  
  56  5:30  Pylon  
  56  5:34  Pylon  
  56  5:36  Stalker  
  56  5:37  Stalker x2, Pylon  
  56  5:40  Pylon  
  56  5:41  Immortal  
  66  5:45  Pylon  
  66  5:47  Immortal  
  66  5:48  Probe x3  
  73  5:53  Stalker  
  75  6:00  Probe  
  76  6:05  Probe  
  76  6:09  Probe  
  76  6:10  Protoss Ground Weapons Level 1 (Chrono Boost)  
  78  6:12  Probe, Stalker  
  78  6:13  Stalker x2  
  78  6:17  Probe  
  86  6:21  Probe  
  86  6:24  Probe, Stalker  
  90  6:29  Probe  
  90  6:31  Stalker  
  93  6:33  Probe  
  93  6:38  Assimilator  
  94  6:42  Assimilator  
  94  6:46  Pylon  
  94  6:50  Charge (Chrono Boost), Pylon  
  94  6:53  Pylon  
  94  6:57  Gateway  
  94  6:59  Gateway  
  94  7:00  Gateway, Immortal  
  98  7:02  Pylon  
  98  7:03  Observer  
  99  7:11  Robotics Bay  
  99  7:19  Zealot x2  
  99  7:20  Zealot  
  99  7:21  Zealot x2  
  109  7:24  Zealot x2  
  113  7:34  Zealot  
  113  7:36  Immortal (Chrono Boost)  
  113  7:37  Immortal (Chrono Boost)  
  115  7:40  Nexus  
  123  7:46  Zealot x4  
  123  7:49  Zealot  
  133  7:56  Extended Thermal Lance (Chrono Boost)  
  133  8:02  Zealot x4  
  133  8:03  Zealot  
  143  8:20  Pylon  
  143  8:28  Zealot x2  
  143  8:29  Zealot x4  
  143  8:30  Zealot x2  
  149  8:56  Probe x3  
  150  9:11  Stalker x4  
  150  9:12  Stalker x2  
  150  9:13  Stalker x3  
  150  9:14  Stalker x2  
Show
View Real Time Build Order
Export as new Build Order

Keet Zerg 

Build Orders: Hatch First 

Get SALT Encoding   

  12  0:01  Drone  
  13  0:14  Overlord  
  13  0:20  Drone  
  14  0:34  Drone x2  
  16  0:52  Hatchery  
  15  1:03  Drone x3  
  18  1:17  Spawning Pool, Drone  
  18  1:32  Drone  
  19  1:35  Drone  
  20  1:42  Extractor  
  20  1:46  Overlord  
  20  2:01  Drone  
  20  2:05  Drone  
  21  2:14  Drone, Queen x2  
  21  2:15  Drone  
  27  2:40  Spine Crawler, Drone x4  
  27  2:43  Drone  
  31  2:50  Drone  
  32  2:55  Drone  
  32  2:57  Queen  
  35  2:59  Lair  
  35  3:00  Drone  
  36  3:07  Overlord  
  36  3:19  Overlord  
  36  3:27  Drone x8  
  36  3:29  Overlord  
  36  3:33  Extractor  
  43  3:35  Extractor  
  43  3:37  Roach Warren  
  43  3:40  Drone x2  
  43  3:47  Drone  
  46  4:17  Roach x7  
  46  4:21  Overlord  
  58  4:30  Roach  
  60  4:33  Overlord  
  60  4:41  Roach x3  
  60  4:43  Drone x2  
  60  4:45  Overlord  
  68  5:01  Glial Reconstitution  
  68  5:03  Drone x3  
  68  5:04  Drone x2  
  73  5:10  Drone  
  73  5:11  Drone  
  75  5:18  Hatchery  
  74  5:25  Drone x3  
  74  5:26  Drone x2  
  79  5:33  Overlord  
  79  5:43  Drone x4  
  79  5:47  Extractor  
  82  5:59  Drone x2  
  82  6:02  Drone x2  
  82  6:03  Hatchery  
  85  6:09  Drone x3  
  85  6:11  Drone x3  
  89  6:16  Drone, Evolution Chamber  
  89  6:18  Overlord  
  91  6:35  Drone x2  
  91  6:36  Drone x2  
  95  6:59  Drone  
  95  7:00  Drone x8  
  104  7:02  Extractor  
  104  7:04  Extractor  
  104  7:08  Drone x4  
  103  7:14  Extractor  
  105  7:18  Zerg Missile Weapons Level 1, Hydralisk Den  
  105  7:19  Evolution Chamber  
  103  7:34  Overlord x2  
  103  7:48  Grooved Spines  
  103  8:08  Drone  
  103  8:12  Drone x5  
  109  8:13  Drone  
  109  8:14  Hydralisk x5  
  109  8:16  Hatchery  
  109  8:18  Drone  
  109  8:19  Overlord  
  120  8:22  Hydralisk  
  120  8:29  Hydralisk  
  120  8:30  Hydralisk  
  120  8:31  Hydralisk  
  120  8:32  Hydralisk  
  117  8:35  Hydralisk x3  
  117  8:39  Hydralisk x3  
  108  8:42  Hydralisk x2  
  108  8:48  Hydralisk  
  102  8:52  Hydralisk x2  
  78  9:06  Hydralisk  
  78  9:07  Hydralisk  
  62  9:11  Hydralisk x3  
  62  9:14  Hydralisk  
Tags
 
Add a new tag
Caveats
  • Supply blocks, unpowered buildings, or Contaminate may cause inaccurate times.
  • Supply counts are checked every 10 seconds.